 Dungeon Crawl Stone Soup version 0.28-a0-819-g6ef7baa362 (webtiles) character file.

Game seed: 10502730464654806402

100 siradein the Covered (level 4, 29/29 HPs)
             Began as a Gargoyle Fighter on Nov 9, 2021.
             Quit the game on level 2 of the Dungeon.
             The game lasted 00:04:29 (1859 turns).

siradein the Covered (Gargoyle Fighter)             Turns: 1859, Time: 00:04:30

Health: 29/29      AC: 13    Str: 19    XL:     4   Next: 74%
Magic:  4/4        EV:  9    Int:  9    God:
Gold:   57         SH:  4    Dex: 10    Spells: 3/3 levels left

rFire   . . .      SeeInvis .   a - +0 flail
rCold   . . .      Faith    .   c - +0 buckler
rNeg    + . .      Spirit   .   b - +0 scale mail
rPois   ∞          Reflect  .   (no helmet)
rElec   +          Harm     .   g - +2 cloak
rCorr   .          Rampage  .   (no gloves)
Will    .....                   (no boots)
Stlth   ..........              (no amulet)
HPRegen 0.09/turn               (no ring)
MPRegen 0.09/turn               (no ring)

@: no status effects
A: sickness immunity, AC +3, negative energy resistance 1, electricity
resistance, torment resistance 1, petrification resistance
a: no special abilities


You were on level 2 of the Dungeon.
You visited 1 branch of the dungeon, and saw 2 of its levels.

You collected 57 gold pieces.

Inventory:

Hand Weapons
 a - a +0 flail (weapon)
Armour
 b - a +0 scale mail (worn)
 c - a +0 buckler (worn)
 g - a +2 cloak (worn)
Jewellery
 i - a ring of ice
Scrolls
 e - a scroll of immolation {unknown}
 f - a scroll of amnesia {unknown}
 h - a scroll of summoning {unknown}
 j - 2 scrolls of identify {unknown}
 m - a scroll of teleportation {unknown}
Potions
 d - a potion of might
 k - 2 potions of curing {unknown}
 l - 2 potions of heal wounds {unknown}
 n - a potion of degeneration {unknown}


   Skills:
 + Level 4.0 Fighting
 + Level 2.9 Maces & Flails
 + Level 4.1 Armour
 + Level 4.1 Shields


You had 3 spell levels left.
You didn't know any spells.
Your spell library was empty.

Dungeon Overview and Level Annotations

Branches:
Dungeon (2/15)

Altars:
Makhleb


Innate Abilities, Weirdness & Mutations

You are immune to sickness and miasma.
Your stone body is resilient. (AC +3)
You are immune to poison.
You resist negative energy. (rN+)
You are resistant to electric shocks. (rElec)
You are resistant to unholy torment.
You are immune to petrification.


Message History

No target in view!
No target in view!
Found a stone staircase leading up.
You see here a worm corpse.
You now have 48 gold pieces (gained 3).
Found a leather armour.
You see here a +0 leather armour.
You now have 57 gold pieces (gained 9).
An adder comes into view.
The adder hisses angrily.
An adder is nearby!
An adder is nearby!
You closely miss the adder. The adder misses you.
The adder bites you but does no damage.
You miss the adder. The adder bites you but does no damage.
You closely miss the adder. The adder misses you.
The adder bites you but does no damage.
You closely miss the adder. The adder bites you but does no damage.
You hit the adder but do no damage. The adder barely misses you.
The adder bites you but does no damage.
You hit the adder.
The adder is heavily wounded.
The adder barely misses you.
You sock the adder!
You kill the adder!
No target in view!
No target in view!
Found 22 stones.
You see here 22 stones.
As you open the door, it creaks loudly!
There is an open door here.
Done exploring.
Done exploring.
Done exploring.
Done exploring.
Done exploring.
(D) Dungeon
Where to? (Enter - D:2, ? - help)
Okay, then.
Are you sure you want to abandon this character and quit the game? (Confirm with "yes".)

#################
#######................
#.......##########...##
#...##..# #...#
#.#.##..# #...##
#.#.....###### #.....
##+###...##...# #.....
#......@......#####.....
#..............##.......
#..............##.######
#....#..>......'........
#....#.........##+###.##
#....#..............#.##
#....##.#...........#.##
#.......#...........#.##
#....#########........##


There were no monsters in sight!

Vanquished Creatures
  3 gnolls (D:2)
  3 adders (D:2)
  3 worms (D:2)
  A dart slug (D:2)
  3 endoplasms (D:2)
  A giant cockroach (D:2)
  A goblin (D:1)
  3 hobgoblins
  4 jackals (D:1)
  A quokka (D:1)
  4 ball pythons
  5 bats
  2 frilled lizards
  A kobold (D:1)
  2 rats
37 creatures vanquished.

Vanquished Creatures (others)
  4 toadstools (D:1)
4 creatures vanquished.

Grand Total: 41 creatures vanquished

Notes
Turn   | Place    | Note
-------+----------+-------------------------------------------
     0 | D:1      | siradein the Gargoyle Fighter began the quest for the Orb.
     0 | D:1      | Reached XP level 1. HP: 14/14 MP: 1/1
   311 | D:1      | Reached XP level 2. HP: 19/19 MP: 2/2
   718 | D:2      | Found a burning altar of Makhleb.
   772 | D:2      | Reached XP level 3. HP: 23/23 MP: 3/3
   888 | D:2      | Reached XP level 4. HP: 8/29 MP: 4/4
  1291 | D:2      | Found a faded altar of an unknown god.
  1859 | D:2      | Quit the game

Illustrated notes

Levels and vault maps discovered:
D:1:      ldierk_water_garden, layout_basic, chequers_avenue
D:2:      layout_basic, basic_altar, hellmonk_ecumenical_altar_crossroads,
          kennysheep_cross_room, minmay_quantized

Skill      XL: |  1  2  3  4 |
---------------+-------------+-----
Shields        | 4 |  4.1
Armour         | 4 |  4.1
Fighting       | 4 |  4.0
Maces & Flails | |  2.9

Action                   |  1- 3 |  4- 6 || total
-------------------------+-------+-------++-------
Melee: Flail             |    77 |    43 ||   120
Armor: Scale mail        |    62 |    20 ||    82
Dodge: Dodged            |    55 |    11 ||    66
Block: Buckler           |    15 |     9 ||    24

Table legend: (Time is in decaauts)
 A = Elapsed time spent in this place.
 B = Non-inter-level travel time spent in this place.
 C = Inter-level travel time spent in this place.
 D = Time resting spent in this place.
 E = Time spent auto-exploring this place.
 F = Levels seen in this place.
 G = Mean time per level.
                   A        B        C        D        E       F      G
               +--------+--------+--------+--------+--------+-----+--------+
         Total |   1898 |   1882 |     16 |      0 |   1588 |   2 |  949.0 |
       Dungeon |   1898 |   1882 |     16 |      0 |   1588 |   2 |  949.0 |
               +--------+--------+--------+--------+--------+-----+--------+

Top non-repeatable levels by time:
     D:2: 1187 daAuts
     D:1: 710 daAuts
